 Dungeon Sprint DCSS version 0.21-a0-201-g8501b10 (webtiles) character file.

186 Kidiri the Magician (level 5, -14/32 HPs)
             Began as a Deep Elf Fire Elementalist on Aug 18, 2017.
             Was a Believer of Vehumet.
             Killed from afar by a black bear (46 damage)
             ... with an exploding inner flame
             ... hexed by the player character
             ... in the Dungeon (Sprint VII: "The Pits").
             The game lasted 00:02:53 (600 turns).

Kidiri the Magician (Deep Elf Fire Elementalist)     Turns: 600, Time: 00:02:54

Health: -14/32     AC:  2    Str:  5    XL:     5   Next: 38%
Magic:  2/17       EV: 15    Int: 21    God:    Vehumet [**....]
Gold:   0          SH:  0    Dex: 15    Spells: 1/19 levels left

rFire    . . .     SeeInvis .   r - +2 dagger (elec)
rCold    . . .     Gourm    .   (no shield)
rNeg     . . .     Faith    .   a - +0 robe
rPois    .         Spirit   .   (no helmet)
rElec    .         Reflect  .   (no cloak)
rCorr    .         Harm     .   (no gloves)
MR       .....     NoTele   +   (no boots)
Stlth    ++........             (no amulet)
HPRegen  0.10/turn              (no ring)
MPRegen  0.15/turn              (no ring)

@: no status effects
A: no striking features
a: Renounce Religion


You were in the Dungeon.
You worshipped Vehumet.
Vehumet was pleased with you.
You were not hungry.

You visited 1 branch

Inventory:

Hand Weapons
 r - a +2 dagger of electrocution (weapon)
Armour
 a - a +0 robe (worn)
Scrolls
 i - a scroll of blinking
 m - 3 scrolls of remove curse
 n - 5 scrolls of amnesia
 o - a scroll of summoning
Potions
 e - 5 potions of heal wounds
 f - a potion of haste
 g - 3 potions of magic
 h - 2 potions of berserk rage
 j - 5 potions of curing
 l - 2 potions of invisibility
Books
 b - a book of Flames

   Spells                             Type                      Level
   a - Flame Tongue                   Conjuration/Fire             1
   b - Throw Flame                    Conjuration/Fire             2
   c - Conjure Flame                  Conjuration/Fire             3
   d - Inner Flame                    Hexes/Fire                   3
   e - Sticky Flame                   Conjuration/Fire             4
   f - Fireball                       Conjuration/Fire             5
Comestibles
 c - 8 bread rations
 p - 40 fruits
 q - 7 meat rations


   Skills:
 + Level 2.9 Fighting
 + Level 3.4 Short Blades
 + Level 2.9 Armour
 + Level 5.3 Dodging
 - Level 2.4 Stealth
 * Level 7.9 Spellcasting
 + Level 4.3 Conjurations
 + Level 5.4 Fire Magic


You had one spell level left.
You knew the following spells:

 Your Spells              Type           Power        Failure   Level  Hunger
a - Flame Tongue          Conj/Fire      ####.        1%          1    None
b - Throw Flame           Conj/Fire      ####..       1%          2    None
c - Conjure Flame         Conj/Fire      ####....     3%          3    None
d - Inner Flame           Hex/Fire       ###.....     8%          3    None
e - Sticky Flame          Conj/Fire      ####....     11%         4    ###....
f - Fireball              Conj/Fire      ####......   30%         5    #####..


Dungeon Overview and Level Annotations

Branches:
Dungeon (1/1)

Altars:
Ashenzari
Cheibriados
Dithmenos
Elyvilon
Fedhas
Gozag
Hepliaklqana
Kikubaaqudgha
Makhleb
Nemelex Xobeh
Okawaru
Qazlal
Ru
Sif Muna
Trog
Uskayaw
Vehumet
Wu Jian
Xom
Yredelemnul
Zin
The Shining One
Beogh
Jiyva
Lugonu


Message History

Casting: Inner Flame
Confirm with . or Enter, or press ? or * to list all spells.
Aiming: Inner Flame
Press: ? - help, Shift-Dir - straight line, f - black bear, p - leopard gecko
Aim: a black bear (chance to defeat MR: 75%)
The black bear is filled with an inner flame.
Casting: Inner Flame
Confirm with . or Enter, or press ? or * to list all spells.
Aiming: Sticky Flame
Press: ? - help, Shift-Dir - straight line, f/p - black bear
Aim: a black bear (flame, inner flame)
The sticky flame hits the black bear.
The black bear is moderately wounded.
The black bear is covered in liquid flames!
The black bear burns!
The black bear is engulfed in blazing flames.
The black bear explodes!
The fiery explosion engulfs you!
Ouch! That really hurt!
You die...

#'#####+#####.....
#.#...).#..##.....
#.#.....#))#####+#
#.###+###))##.....
#.#.....#))##.....
#.#.....#[[##.....
#.####÷##+###...<.
#.#........##.....
#@#........##.....
#§###########.....
#l. ###### #..#
#.M. ##.## .. .#


You could see a mummy and a leopard gecko (inner flame).

Vanquished Creatures
  A flying skull (D)
  An adder (D)
  A river rat (D)
  2 orcs (D)
  2 jackals (D)
  A kobold (D)
  A quokka (D)
  A ball python (D)
10 creatures vanquished.

Notes
Turn   | Place    | Note
-------+----------+-------------------------------------------
     0 | D        | Kidiri the Deep Elf Fire Elementalist began the quest for the Orb.
     0 | D        | Reached XP level 1. HP: 10/10 MP: 6/6
    51 | D        | Found a bloodstained altar of Trog.
    51 | D        | Found a deep blue altar of Sif Muna.
    51 | D        | Found a viscous altar of Jiyva.
    51 | D        | Found a hazy altar of Hepliaklqana.
    51 | D        | Found an opulent altar of Gozag.
    52 | D        | Found a glowing golden altar of the Shining One.
    52 | D        | Found a glowing silver altar of Zin.
    52 | D        | Found a basalt altar of Yredelemnul.
    52 | D        | Found a shimmering altar of Xom.
    52 | D        | Found an ornate altar of the Wu Jian Council.
    52 | D        | Found a sacrificial altar of Ru.
    52 | D        | Found a stormy altar of Qazlal.
    52 | D        | Found an iron altar of Okawaru.
    52 | D        | Found a sparkling altar of Nemelex Xobeh.
    52 | D        | Found a burning altar of Makhleb.
    52 | D        | Found a blossoming altar of Fedhas.
    52 | D        | Found a white marble altar of Elyvilon.
    52 | D        | Found a shadowy altar of Dithmenos.
    52 | D        | Found a snail-covered altar of Cheibriados.
    55 | D        | Found a radiant altar of Vehumet.
    55 | D        | Found a corrupted altar of Lugonu.
    55 | D        | Found a roughly hewn altar of Beogh.
    56 | D        | Found a hide-covered altar of Uskayaw.
    56 | D        | Found an ancient bone altar of Kikubaaqudgha.
    56 | D        | Found a shattered altar of Ashenzari.
    63 | D        | Became a worshipper of Vehumet
   129 | D        | Reached * piety under Vehumet
   129 | D        | Offered knowledge of Freeze by Vehumet.
   129 | D        | Reached skill level 1 in Fighting
   129 | D        | Reached skill level 1 in Short Blades
   129 | D        | Reached skill level 1 in Armour
   129 | D        | Reached skill level 4 in Spellcasting
   129 | D        | Reached XP level 2. HP: 7/16 MP: 5/9
   141 | D        | Learned a level 2 spell: Throw Flame
   194 | D        | Reached ** piety under Vehumet
   196 | D        | Noticed a flying skull
   217 | D        | HP: 1/24 [flying skull (2)]
   222 | D        | Killed a flying skull
   222 | D        | Reached skill level 5 in Dodging
   222 | D        | Reached skill level 7 in Spellcasting
   222 | D        | Reached skill level 5 in Fire Magic
   222 | D        | Reached XP level 3. HP: 2/22 MP: 7/14
   222 | D        | Reached XP level 4. HP: 2/27 MP: 7/15
   222 | D        | Reached XP level 5. HP: 3/32 MP: 7/17
   238 | D        | Learned a level 3 spell: Conjure Flame
   242 | D        | Learned a level 3 spell: Inner Flame
   247 | D        | Learned a level 4 spell: Sticky Flame
   253 | D        | Learned a level 5 spell: Fireball
   596 | D        | Noticed a black bear
   600 | D        | Killed a black bear
   600 | D        | Killed from afar by a black bear

Vault maps used:
D:        pitsprint

Skill      XL: |  1  2 |
---------------+-------+-----
Fighting       | 1 2 |  2.9
Short Blades   | 1 3 |  3.4
Armour         | 1 2 |  2.9
Dodging        | 3 5 |  5.3
Spellcasting   | 4 7 |  7.9
Conjurations   | 2 4 |  4.3
Fire Magic     | 5 |  5.4
Stealth        | |  2.4

Action                   |  1- 3 |  4- 6 || total
-------------------------+-------+-------++-------
Melee: Dagger            |     9 |       ||     9
 Cast: Flame Tongue      |    23 |     6 ||    29
       Inner Flame       |       |     2 ||     2
       Conjure Flame     |       |     1 ||     1
       Throw Flame       |       |     1 ||     1
       Sticky Flame      |       |     1 ||     1
  Use: Potion            |     4 |       ||     4
Armor: Robe              |     2 |     1 ||     3
Dodge: Dodged            |    18 |     3 ||    21
